Map: [ESL] Alcyone

Players

Scarlett

  • Race: Zerg Zerg
  • Spawn Location: 7:00

gumiho - Winner!

  • Race: Terran Terran
  • Spawn Location: 1:00

Event: IEM Katowice 2024

VOD

Have the link to the VOD?

Description

Time

  • Played on: Dec. 10, 2023, 8:13 p.m.
  • Length: 21:01

All games in this series

Show
View Real Time Build Order
Export as new Build Order

Scarlett Zerg 

Build Orders: Hatch First 

Get SALT Encoding   

  12  0:00  Drone  
  13  0:12  Overlord  
  13  0:16  Drone  
  14  0:30  Drone x2  
  16  0:46  Hatchery  
  15  0:50  Drone  
  15  0:53  Drone  
  15  0:57  Drone  
  18  1:08  Extractor  
  17  1:12  Spawning Pool  
  17  1:15  Drone  
  17  1:18  Drone  
  18  1:27  Drone  
  19  1:38  Drone  
  20  1:49  Drone  
  21  1:58  Queen x2  
  21  1:59  Zergling x2  
  21  2:00  Zergling x2  
  27  2:10  Drone  
  27  2:11  Overlord  
  28  2:20  Hatchery  
  28  2:22  Drone  
  28  2:32  Drone x3  
  31  2:38  Queen  
  33  2:44  Metabolic Boost  
  33  2:47  Overlord  
  33  2:53  Drone x3  
  36  3:04  Overlord  
  36  3:07  Drone x4  
  36  3:12  Queen  
  42  3:17  Drone x2  
  44  3:26  Drone  
  45  3:27  Queen  
  45  3:33  Zergling x2  
  48  3:39  Drone x4  
  48  3:40  Queen  
  54  3:45  Drone x3  
  57  3:49  Evolution Chamber  
  57  3:53  Spore Crawler  
  54  4:01  Zergling x4  
  56  4:03  Spore Crawler  
  56  4:08  Overlord  
  56  4:09  Drone x3  
  58  4:14  Overlord x2  
  60  4:18  Overlord  
  60  4:22  Overlord  
  60  4:27  Evolution Chamber  
  60  4:28  Drone x5, Evolution Chamber  
  63  4:32  Drone  
  63  4:36  Drone x3  
  63  4:37  Queen  
  69  4:40  Drone x2  
  69  4:44  Queen  
  73  4:50  Drone x5  
  78  4:58  Zerg Melee Weapons Level 1, Zerg Ground Armor Level 1  
  78  5:04  Extractor, Drone x2  
  78  5:05  Extractor  
  78  5:07  Extractor  
  78  5:10  Drone x3  
  78  5:12  Hatchery  
  79  5:18  Drone x7  
  85  5:22  Lair  
  85  5:23  Drone  
  85  5:27  Drone x3, Spore Crawler  
  88  5:30  Overlord x2  
  88  5:35  Extractor, Drone x2  
  89  5:36  Extractor  
  89  5:40  Baneling Nest  
  87  5:45  Overlord x2  
  87  5:46  Drone x2  
  87  5:49  Overlord  
  89  5:50  Zergling x8  
  89  5:55  Zergling x8  
  97  6:06  Spore Crawler  
  97  6:09  Hatchery  
  95  6:16  Zergling x18  
  104  6:24  Centrifugal Hooks  
  104  6:27  Hydralisk Den  
  103  6:33  Drone x6  
  103  6:39  Baneling x6  
  109  6:45  Zergling x14  
  107  7:04  Hydralisk x13  
  122  7:10  Zerg Missile Weapons Level 1, Zerg Ground Armor Level 2  
  122  7:18  Grooved Spines  
  122  7:22  Drone x3  
  125  7:23  Hydralisk x3  
  131  7:34  Baneling x7  
  131  7:35  Zergling x22  
  140  7:45  Drone  
  140  7:46  Drone  
  139  7:57  Overlord x2  
  139  7:58  Overlord x3  
  139  8:02  Overlord x3, Hatchery  
  138  8:07  Hydralisk  
  138  8:08  Muscular Augments  
  138  8:11  Overseer  
  140  8:14  Drone  
  141  8:20  Hydralisk x10  
  161  8:28  Drone x8  
  166  8:38  Zergling x22  
  164  8:54  Zergling x22  
  175  8:58  Hatchery  
  169  9:15  Overseer  
  169  9:16  Pneumatized Carapace  
  165  9:18  Zerg Missile Weapons Level 2  
  165  9:22  Hatchery  
  165  9:24  Zergling x2  
  165  9:25  Zergling x2  
  165  9:26  Zergling x32  
  183  9:33  Zerg Melee Weapons Level 2  
  183  9:35  Overseer  
  183  9:36  Overseer  
  183  9:39  Baneling x6  
  183  9:45  Hydralisk x8  
  192  9:55  Hydralisk  
  192  9:56  Hydralisk x4  
  193  10:04  Zergling x18  
  198  10:11  Hydralisk  
  198  10:12  Hydralisk x3  
  183  10:18  Zergling x6  
  165  10:27  Hydralisk x4  
  151  10:34  Drone x2  
  151  10:35  Drone  
  151  10:36  Drone x4  
  151  10:40  Overseer  
  151  10:41  Drone  
  151  10:42  Drone x3  
  159  10:43  Baneling x6, Hatchery  
  159  10:44  Baneling x2  
  158  10:53  Overseer  
  158  10:55  Zergling x24  
  170  11:00  Zergling x12  
  170  11:01  Baneling x2  
  173  11:11  Zergling x24  
  185  11:20  Zergling x12  
  185  11:21  Baneling x23  
  186  11:36  Zergling x24  
  197  11:41  Hatchery  
  185  11:50  Infestation Pit  
  183  11:57  Infestation Pit, Hydralisk  
  183  11:58  Hydralisk x7  
  198  12:07  Baneling  
  198  12:08  Baneling x12  
  197  12:29  Zergling x6  
  200  12:36  Zergling x18  
  183  12:38  Overlord x4  
  183  12:40  Hive  
  178  12:48  Overlord x2  
  178  12:54  Overlord x2  
  178  12:55  Burrow  
  178  12:56  Infestor  
  178  12:57  Infestor x3  
  187  12:58  Zergling x26  
  187  13:01  Hatchery  
  187  13:03  Overseer x2  
  187  13:04  Overseer  
  198  13:08  Zergling x2  
  200  13:33  Hatchery  
  196  13:34  Zergling x8  
  183  13:55  Hydralisk x11  
  140  13:56  Zergling x46  
  179  14:05  Zergling x4  
  181  14:10  Zerg Ground Armor Level 3  
  181  14:11  Zerg Missile Weapons Level 3  
  181  14:13  Hatchery  
  181  14:16  Overseer  
  181  14:17  Overseer  
  178  14:20  Zergling x24  
  185  14:25  Hydralisk  
  185  14:26  Hydralisk  
  140  14:39  Hydralisk x6  
  140  14:40  Zergling x10  
  128  14:52  Zergling x2  
  128  14:53  Zergling x16  
  128  14:55  Extractor  
  119  15:00  Infestor x2  
  119  15:05  Hatchery  
  121  15:09  Zergling x8  
  125  15:21  Infestor x2  
  121  15:22  Hatchery  
  121  15:23  Zergling x18  
  121  15:24  Zergling x2  
  129  15:34  Hydralisk x6  
  129  15:35  Zergling x2  
  140  15:40  Zergling x2  
  141  15:45  Baneling x8  
  141  15:47  Zergling x24  
  153  15:53  Zergling x6  
  156  16:06  Zergling x20  
  166  16:12  Hydralisk  
  152  16:23  Hydralisk x9  
  153  16:29  Hydralisk x4  
  153  16:30  Zergling x2  
  160  16:33  Baneling  
  160  16:34  Baneling x3  
  160  16:37  Hatchery  
  163  16:40  Zergling x10  
  163  16:44  Zergling x2  
  165  16:49  Zergling x10  
  165  16:53  Queen  
  164  16:54  Infestor  
  164  16:55  Hatchery  
  164  16:56  Infestor x3  
  164  16:59  Zergling x12  
  164  17:00  Queen x4  
  175  17:03  Baneling x15  
  175  17:08  Infestor  
  175  17:09  Infestor, Overseer  
  175  17:13  Zergling x20  
  181  17:18  Extractor, Baneling x2  
  180  17:28  Zergling x14  
  160  17:38  Zerg Melee Weapons Level 3  
  160  17:40  Zergling x2  
  160  17:41  Zergling x10  
  148  17:49  Hydralisk x4  
  148  17:51  Infestor  
  154  17:54  Zergling x6  
  151  17:58  Hatchery  
  149  18:05  Hydralisk x5  
  157  18:14  Infestor  
  157  18:16  Baneling x2  
  157  18:17  Baneling x2  
  155  18:27  Hydralisk  
  155  18:33  Hydralisk x4  
  163  18:36  Overseer  
  163  18:40  Hydralisk  
  163  18:41  Zergling x16  
  147  18:57  Infestor  
  147  18:58  Zergling x20  
  157  19:13  Baneling x8  
  157  19:16  Unknown  
  156  19:23  Overlord x3  
  156  19:24  Zergling x4  
  152  19:40  Hydralisk  
  152  19:41  Hatchery  
  153  19:46  Zergling x6  
  153  19:52  Infestor  
  158  19:54  Baneling x2  
  158  19:56  Hatchery  
  157  20:00  Infestor  
  159  20:13  Zergling x10  
  141  20:20  Hydralisk  
  129  20:24  Zergling x12  
  132  20:39  Baneling x12  
  127  20:43  Hatchery  
Show
View Real Time Build Order
Export as new Build Order

gumiho Terran - Winner!

Build Orders: Hellion Opening, Reaper Expand 

Get SALT Encoding   

  12  0:00  SCV  
  13  0:12  SCV  
  14  0:18  Supply Depot  
  14  0:24  SCV  
  15  0:39  SCV  
  15  0:41  Barracks  
  16  0:44  Refinery  
  16  0:51  SCV  
  17  1:04  SCV  
  18  1:16  SCV  
  19  1:28  Orbital Command, Reaper  
  20  1:39  Command Center  
  20  1:47  Supply Depot  
  20  1:54  SCV  
  21  1:59  Marine  
  22  2:06  SCV  
  23  2:11  Factory  
  23  2:18  SCV  
  24  2:23  Barracks Reactor  
  24  2:30  SCV  
  25  2:39  Command Center  
  25  2:42  SCV  
  26  2:51  Orbital Command  
  26  2:54  SCV  
  27  3:02  Hellion x2  
  27  3:05  Barracks Tech Lab  
  31  3:06  SCV  
  32  3:17  SCV  
  32  3:18  SCV  
  34  3:24  Hellion x2, Marine  
  34  3:25  Stimpack  
  39  3:29  SCV  
  39  3:30  SCV  
  41  3:39  Refinery  
  41  3:41  SCV, Marine  
  41  3:43  SCV  
  41  3:46  Hellion  
  46  3:51  Orbital Command, Hellion  
  46  3:53  SCV  
  47  4:05  SCV  
  47  4:06  SCV  
  49  4:10  Marine  
  49  4:13  Starport  
  48  4:17  SCV x2  
  48  4:18  SCV  
  48  4:21  Barracks, Supply Depot  
  48  4:23  Refinery  
  51  4:26  Factory Reactor  
  51  4:28  Marine  
  51  4:29  SCV  
  51  4:30  SCV x2  
  55  4:37  Supply Depot  
  55  4:39  Refinery  
  55  4:40  Engineering Bay x2  
  55  4:41  SCV  
  55  4:42  SCV  
  55  4:44  Orbital Command  
  57  4:46  Marine  
  57  4:49  Supply Depot  
  57  4:50  Medivac  
  60  4:54  SCV x2  
  62  5:00  Barracks  
  62  5:02  Barracks  
  62  5:03  Barracks  
  62  5:05  Combat Shield, Marine  
  62  5:06  SCV x2  
  65  5:10  Terran Infantry Weapons Level 1  
  65  5:11  Terran Infantry Armor Level 1  
  66  5:14  SCV  
  66  5:17  Marine x2  
  66  5:21  Starport Reactor  
  68  5:23  Marine  
  68  5:26  SCV x2, Supply Depot  
  71  5:30  SCV  
  72  5:36  Hellion x2  
  72  5:38  SCV x2  
  72  5:41  Supply Depot  
  72  5:42  SCV  
  79  5:44  Marine x3, Supply Depot  
  85  5:58  Barracks Reactor x3  
  85  6:02  SCV x2, Marine x3  
  85  6:03  Medivac  
  89  6:08  Medivac  
  89  6:10  SCV  
  92  6:14  Supply Depot x2, SCV x2  
  94  6:19  Armory  
  94  6:20  Marine x3  
  94  6:23  Hellion x2, SCV  
  102  6:26  SCV x2  
  104  6:35  SCV  
  104  6:36  Medivac  
  104  6:37  Marine x5  
  104  6:38  Medivac, SCV x2, Marine x2  
  118  6:41  Supply Depot  
  118  6:47  SCV  
  118  6:50  SCV  
  120  6:55  Marine  
  120  6:56  Marine x2  
  119  7:05  Marine x2  
  119  7:06  Marine x4  
  96  7:09  Hellion x2  
  96  7:10  Terran Infantry Weapons Level 2, Terran Infantry Armor Level 2, SCV x3  
  96  7:13  Marine  
  96  7:14  Marine  
  96  7:15  Marine  
  105  7:20  Liberator x2  
  112  7:23  Marine x2  
  112  7:28  Command Center  
  114  7:31  SCV x3  
  114  7:33  Supply Depot  
  114  7:34  Widow Mine x2  
  121  7:43  SCV x3  
  123  7:53  Marine x4  
  123  7:54  Barracks, Marine x2  
  123  7:55  Marine  
  123  7:56  Barracks, Widow Mine x2  
  123  7:57  Barracks, Marine  
  135  8:02  Refinery  
  135  8:03  Refinery  
  135  8:07  Supply Depot x2  
  135  8:12  Marine  
  136  8:13  Marine x2  
  136  8:19  Marauder, Marine  
  141  8:22  Marine  
  141  8:28  Marine x3  
  141  8:30  Marine  
  141  8:31  Marine x2  
  146  8:36  Marine  
  146  8:40  Marine x2  
  146  8:46  Marine x2  
  134  8:50  Marine x2  
  134  8:51  Marine x2  
  138  8:58  Marauder  
  138  9:00  Marine x2  
  139  9:04  Marine x2  
  139  9:06  Widow Mine  
  139  9:07  Widow Mine  
  139  9:08  Medivac x2, Marine x2  
  143  9:13  Marine  
  143  9:14  Marine  
  142  9:17  Marine  
  142  9:18  Marine  
  142  9:19  Marauder  
  142  9:22  Barracks Tech Lab, Marine  
  142  9:23  Barracks Tech Lab, Marine  
  144  9:26  Marine x2  
  144  9:31  Terran Infantry Armor Level 3, Terran Infantry Weapons Level 3, Marine  
  146  9:33  Planetary Fortress  
  146  9:36  Supply Depot  
  146  9:37  Barracks Tech Lab, Supply Depot  
  146  9:38  Marine x3  
  146  9:39  Marine  
  146  9:40  Marine x2  
  146  9:41  Marine, Marauder  
  146  9:43  Widow Mine  
  146  9:44  Widow Mine  
  152  9:56  Marauder, Marine x2  
  152  9:59  Marauder x2  
  144  10:00  Marine x3  
  144  10:01  Marine x2  
  144  10:02  Marauder, Marine  
  146  10:11  SCV x3  
  124  10:14  Marine x2  
  124  10:18  Marine x3, Marauder  
  124  10:19  Marine x2  
  124  10:20  Marauder x2, Marine  
  116  10:23  Marine  
  105  10:32  SCV x2, Marine x2  
  105  10:34  SCV  
  109  10:36  Marine x3  
  109  10:37  Marine x2  
  109  10:38  Marine  
  109  10:39  Marine  
  109  10:41  Marine x2  
  118  10:44  SCV x2  
  118  10:46  SCV  
  121  10:52  Marauder, Marine x2  
  121  10:53  Widow Mine x2  
  121  10:56  SCV x2  
  131  10:58  SCV  
  131  11:01  Marauder x2, Marine  
  131  11:03  Marine x2  
  139  11:08  SCV x2  
  139  11:10  Marauder, Marine x2, SCV  
  144  11:16  Marauder, Marine  
  144  11:17  Marine x2  
  148  11:18  Marine  
  148  11:21  Marine x2  
  148  11:22  Marauder, Marine  
  148  11:23  Concussive Shells  
  154  11:28  Marine x2  
  154  11:32  Marauder, Widow Mine x2  
  159  11:33  Marine  
  159  11:34  Marine  
  159  11:35  Marine  
  159  11:36  Marine  
  159  11:37  Marauder, Medivac x2  
  159  11:38  Marine, SCV x2  
  159  11:39  SCV  
  158  11:49  Marauder, Marine x4  
  158  11:51  Marine  
  158  11:52  Marine x2  
  158  11:53  Marauder  
  169  11:56  Marine  
  169  11:59  Marauder  
  172  12:02  Supply Depot x2  
  172  12:05  Marine  
  172  12:07  Medivac x2  
  172  12:08  Marauder  
  179  12:15  Marauder x2  
  180  12:23  Marauder, Marine x8  
  180  12:28  Marine  
  191  12:36  Marine x2  
  163  12:39  Medivac x2  
  163  12:41  Marine x6  
  163  12:42  Marine  
  163  12:43  Marine  
  174  12:45  Marauder  
  174  12:47  Marauder  
  178  12:54  Marauder, Marine  
  181  12:58  Marine x5  
  181  12:59  Marine  
  181  13:01  Marine x2  
  189  13:06  Marauder  
  189  13:08  Marauder  
  189  13:09  Orbital Command, Medivac  
  195  13:16  Marine  
  196  13:34  Marine  
  196  13:35  Marine x2  
  196  13:40  Supply Depot  
  196  13:42  Fusion Core  
  196  13:46  Marine x3  
  196  13:47  Marauder x3, Marine x2  
  196  13:48  Marauder  
  191  13:54  Marine x3  
  164  14:01  Widow Mine  
  166  14:02  Medivac  
  166  14:03  Medivac  
  166  14:04  Marine x4  
  166  14:05  Marine  
  166  14:08  Marauder x2  
  166  14:09  Marauder x2  
  183  14:11  Marine  
  183  14:12  Marine x2  
  176  14:18  Widow Mine  
  176  14:22  Widow Mine, Marine x4  
  176  14:23  Marine  
  182  14:29  Marine x3  
  182  14:30  Marauder x4  
  172  14:35  Caduceus Reactor  
  153  14:39  Marine x2  
  153  14:40  Marine x3  
  152  14:47  Marine x3  
  152  14:51  Marauder x3  
  152  14:52  Marauder, Medivac x2  
  156  14:57  Marine x2  
  156  14:58  Marine x3  
  144  15:05  Marine x3  
  146  15:12  Marine x3  
  146  15:13  Marine  
  150  15:15  Marine x2  
  150  15:16  Marine x3  
  149  15:23  Marine x3  
  149  15:25  Medivac x2  
  149  15:26  Widow Mine x2  
  158  15:30  Marine x4  
  158  15:33  Marine x4  
  158  15:34  Marine  
  167  15:37  Orbital Command  
  167  15:40  Marine  
  167  15:41  Marine x2  
  170  15:48  Marine, Marauder x3  
  170  15:49  Widow Mine x2  
  181  15:51  Marine x4  
  181  15:52  Marine  
  185  15:58  Marine x2  
  185  15:59  Marine  
  185  16:00  SCV x2  
  190  16:04  Command Center  
  190  16:07  Marauder  
  190  16:08  Marine  
  190  16:09  Marauder, Marine x5  
  190  16:10  Marauder  
  186  16:19  Medivac x2  
  148  16:27  Marine  
  148  16:28  Marauder x2, Marine x2  
  148  16:29  Marine x3  
  148  16:31  Marauder x2  
  160  16:33  Marine x2  
  162  16:45  Marine x2  
  162  16:46  Marine  
  163  16:47  Marine x3  
  163  16:49  Marauder x2  
  163  16:52  Marauder x2  
  173  16:58  Medivac x2  
  173  16:59  Marine x2  
  178  17:03  Marine  
  179  17:09  Marine x2  
  179  17:10  Marauder  
  179  17:11  Marauder  
  179  17:14  Marauder x2  
  183  17:18  Marine x2  
  183  17:32  Marauder x2  
  183  17:35  Marauder x2  
  118  17:44  Marine x3  
  118  17:45  Marine x5  
  118  17:47  Medivac x2  
  125  17:53  Marauder  
  125  17:54  Marauder  
  125  17:56  Marine x2  
  118  18:02  Marine x5  
  118  18:03  Marine x3  
  124  18:14  Marauder x2  
  124  18:15  Marauder x2  
  124  18:16  Widow Mine x2  
  136  18:20  Marine x6  
  136  18:21  Marine  
  143  18:27  Marine  
  140  18:35  Marauder  
  140  18:36  Marine, Marauder x2  
  140  18:37  Marine  
  144  18:42  Marine x3  
  144  18:43  Widow Mine  
  144  18:45  Medivac x2  
  131  18:48  Marine x4  
  131  18:54  Marauder  
  131  18:55  Marine  
  133  18:57  Marauder x3  
  133  19:00  Marine x3  
  142  19:06  Marine  
  142  19:08  Marine  
  144  19:12  Marine  
  144  19:13  Marine  
  144  19:14  Marine  
  144  19:16  Widow Mine x2, Marauder  
  153  19:17  Medivac  
  153  19:18  Marauder x2, Marine  
  153  19:19  Marauder  
  162  19:24  Marine x2  
  162  19:25  Marine  
  162  19:26  Marine  
  166  19:33  Marine x2  
  166  19:37  Marauder  
  164  19:40  Marine x2, Marauder x3  
  164  19:42  Marine x2  
  167  19:47  Marine  
  167  19:49  Marine  
  167  19:51  Marine  
  169  19:58  Marauder  
  169  19:59  Marine  
  171  20:01  Marauder x2  
  171  20:02  Marauder  
  171  20:03  Marine x4  
  182  20:10  Widow Mine x2  
  179  20:17  Marine x2  
  179  20:18  Marine x2  
  179  20:20  Marauder  
  180  20:21  Marine  
  180  20:22  Marauder, Marine x3  
  180  20:23  Marauder x2  
  188  20:34  Marine  
  188  20:35  Marine x2  
  190  20:39  Marine x2  

Tags
 
Add a new tag
Caveats
  • Supply blocks, unpowered buildings, or Contaminate may cause inaccurate times.
  • Supply counts are checked every 10 seconds.